 Dungeon Crawl Stone Soup version 0.30-b1-2-g02819fbbbe (webtiles) character file.

Game seed: 14764939315107739886

3477 seren the Thaumaturge (level 9, 0/45 (46) HPs)
             Began as a Deep Elf Fire Elementalist on Dec 27, 2023.
             Was a Believer of Sif Muna.
             Slain by an orc
             ... wielding a +0 whip
              (3 damage)
             ... on level 10 of the Dungeon on Dec 28, 2023.
             The game lasted 01:40:21 (11940 turns).

seren the Thaumaturge (Deep Elf Fire Elementalist) Turns: 11940, Time: 01:40:22

HP:   0/45 (46)     AC:  7    Str:  5    XL:     9   Next: 79%
MP:   22/23         EV: 13    Int: 25    God:    Sif Muna [**....]
Gold: 339           SH:  0    Dex: 15    Spells: 13/24 levels left

rFire   + + .        a - staff of fire
rCold   . . .        (no shield)
rNeg    . . .        F - +2 leather armour {rF+}
rPois   .            o - +0 helmet
rElec   .            m - +0 cloak
rCorr   .            (no gloves)
SInv    .            (no boots)
Will    .....        C - amulet of magic regeneration
Stlth   +++          (no ring)
HPRegen 0.27/turn    (no ring)
MPRegen 0.58/turn

%: no passive effects
@: lightly drained
A: no striking features
a: Renounce Religion, Channel Magic


You were on level 10 of the Dungeon.
You worshipped Sif Muna.
Sif Muna was pleased with you.
You visited 2 branches of the dungeon, and saw 11 of its levels.

You collected 482 gold pieces.
You spent 143 gold pieces at shops.

Inventory:

Hand Weapons
 f - a +0 quarterstaff
Missiles
 c - 3 atropa-tipped darts
 g - 6 curare-tipped darts
 l - 55 stones
 A - 20 poisoned darts
 D - 3 boomerangs of dispersal
Armour
 j - a +0 robe
 k - the +4 ring mail of Mental Paralysis {rElec rF+ rC+ Will-}
   (You found it on level 2 of the Dungeon)

   rF:        It protects you from fire.
   rC:        It protects you from cold.
   rElec:     It insulates you from electricity.
   Will:      It decreases your willpower.
 m - a +0 cloak (worn)
 o - a +0 helmet (worn)
 F - a +2 leather armour of fire resistance (worn)
Magical Staves
 a - a staff of fire (weapon)
Jewellery
 p - a ring of flight
 C - an amulet of magic regeneration (around neck)
 J - a ring of flight
Wands
 u - a wand of polymorph (14)
 w - a wand of flame (31)
 y - a wand of mindburst (16)
 z - a wand of iceblast (5)
 K - a wand of charming (9)
Scrolls
 d - 2 scrolls of poison
 n - a scroll of amnesia
 r - a scroll of brand weapon
 t - 3 scrolls of immolation
 x - 3 scrolls of enchant weapon
 B - a scroll of blinking
 E - 2 scrolls of fear
Potions
 b - a potion of magic
 e - 2 potions of brilliance
 h - 3 potions of flight
 i - 2 potions of cancellation
 q - a potion of mutation {unknown}
 s - a potion of curing {unknown}
 v - 2 potions of lignification
 G - a potion of might {unknown}
 H - 2 potions of heal wounds {unknown}
 I - a potion of ambrosia {unknown}


   Skills:
 + Level 0.7 Fighting
 - Level 3.0 Staves
 + Level 2.0 Armour
 * Level 5.0 Dodging
 - Level 6.0 Stealth
 + Level 8.0 Spellcasting
 + Level 8.0 Conjurations
 - Level 2.0 Summonings
 - Level 2.0 Translocations
 - Level 6.0 Fire Magic
 - Level 2.0 Air Magic
 + Level 2.0 Poison Magic
 + Level 2.0 Invocations
 * Level 4.0 Evocations


You had 13 spell levels left.
You knew the following spells:

 Your Spells              Type           Power      Damage    Failure   Level
a - Foxfire               Conj/Fire      100%       2x1d9     1%          1
b - Scorch                Fire           100%       2d9       1%          2
c - Call Imp              Summ           40%        N/A       6%          2
d - Mephitic Cloud        Conj/Pois/Air  30%        N/A       5%          3
e - Volatile Blastmotes   Fire/Tloc      90%        2d17      5%          3

Your spell library contained the following spells:

 Spells                   Type           Power      Damage    Failure   Level
 Kiss of Death            Conj/Necr      100%       2d13      1%          1
 Magic Dart               Conj           100%       1d8       1%          1
 Apportation              Tloc           40%        N/A       4%          1
 Summon Small Mammal      Summ           80%        N/A       4%          1
 Flame Wave               Conj/Fire      61%        2d14      5%          4
 Inner Flame              Hex/Fire       37%        N/A       9%          3
 Necrotise                Necr           40%        1d6       10%         1
 Sublimation of Blood     Necr           10%        N/A       14%         2
 Wereblood                Tmut           10%        N/A       14%         2
 Confusing Touch          Hex            10%        N/A       28%         3
 Passage of Golubria      Tloc           20%        N/A       38%         4
 Dispel Undead            Necr           10%        3d9       67%         4
 Silence                  Hex/Air        7%         N/A       87%         5
 Summon Hydra             Summ           10%        N/A       100%        7
 Lehudib's Crystal Spear  Conj/Erth      15%        10d5      100%        8


Dungeon Overview and Level Annotations

Branches:
Dungeon (10/15)            Temple (1/1) D:4
   Lair: D:8-11         Orc: D:9-12

Altars:
Ashenzari
Cheibriados
Dithmenos
Elyvilon
Fedhas
Gozag
Hepliaklqana
Kikubaaqudgha
Makhleb
Nemelex Xobeh
Okawaru
Qazlal
Ru
Sif Muna
Trog
Uskayaw
Vehumet
Wu Jian
Xom
Yredelemnul
Zin
The Shining One

Shops:
D:5 ?

Annotations:
D:2 exclusion: downstairs
D:4 2 transporters, Eustachio; Melkor's ghost, amateur HOFi
D:5 exclusion: downstairs
D:6 Maggie
D:8 exclusion: downstairs


Message History

The foxfire hits the orc warrior but does no damage.
The orc warrior is moderately wounded.
The foxfire hits the orc warrior!
The orc warrior is severely wounded.
The orc warrior closely misses you.
The orc warrior attacks as you move away!
The orc warrior hits you with a +0 flail!
The orc hits you but does no damage.
Casting: Foxfire (safe; 1% risk of failure)
Confirm with . or Enter, or press ? or * to list all spells.
You feel a surge of power!
You conjure some foxfire!
The orc barely misses you.
The orc hits your foxfire with a +0 hand axe.
The orc warrior hits you with a +0 flail!
* * * LOW HITPOINT WARNING * * *
The orc attacks as you move away! The orc closely misses you.
The orc hits your foxfire with a +0 hand axe.
The foxfire hits the orc warrior!
The orc warrior is almost dead.
The foxfire hits the orc warrior but does no damage.
The orc warrior is almost dead.
Casting: Foxfire (safe; 1% risk of failure)
Confirm with . or Enter, or press ? or * to list all spells.
You feel a surge of power!
You conjure some foxfire!
The orc hits you but does no damage. The orc barely misses your foxfire.
The orc hits your foxfire with a +0 hand axe.
The orc warrior completely misses you.
The orc warrior attacks as you move away!
The orc warrior closely misses you.
The foxfire hits the orc.
The orc is severely wounded.
The foxfire hits the orc warrior.
The orc warrior is almost dead.
Casting: Foxfire (safe; 1% risk of failure)
Confirm with . or Enter, or press ? or * to list all spells.
You feel a surge of power!
You conjure some foxfire!
The orc closely misses you.
The orc hits your foxfire with a +0 hand axe. x2
The orc warrior hits you with a +0 flail!
* * * LOW HITPOINT WARNING * * *
The orc attacks as you move away! The orc hits you with a +0 whip.
You die...

##############
#>............
#....$........
#........>....
#....ov.......
#....o@.......
#..<.ov.......
#..###########
#..# #..# #..#
#..# #..# #...


You could see an orc warrior and 2 orcs.

Vanquished Creatures
  Grinder (D:5)
  Menkaure (D:6)
  Edmund (D:5)
  A water moccasin (D:5)
  An orc warrior (D:4)
  2 sky beasts (D:7)
  A hornet zombie (D:7)
  4 black bears
  2 ice beasts
  An ogre (D:5)
  A kobold brigand (D:8)
  2 bullfrogs (D:8)
  A wyvern zombie (D:7)
  6 scorpions
  A water moccasin zombie (D:7)
  A gnoll sergeant (D:9)
  2 wights (D:9)
  5 centaur zombies (D:7)
  A jelly (D:7)
  4 orc priests
  5 hounds
  3 sleepcaps (D:6)
  A gnoll bouda (D:8)
  An iguana (D:2)
  8 orc wizards
  7 gnolls
  9 adders
  A white imp (D:8)
  An ufetubus (D:7)
  2 worms (D:2)
  2 dart slugs
  31 orcs
  7 endoplasms
  7 giant cockroaches
  8 goblins
  15 hobgoblins
  8 jackals
  9 kobolds
  3 quokkas
  6 ball pythons
  8 bats
  6 rats
187 creatures vanquished.

Vanquished Creatures (others)
  560 foxfires
560 creatures vanquished.

Grand Total: 747 creatures vanquished

Notes
Turn   | Place    | Note
-------+----------+-------------------------------------------
     0 | D:1      | seren the Deep Elf Fire Elementalist began the quest for
                  | the Orb.
     0 | D:1      | Reached XP level 1. HP: 10/10 MP: 6/6
   192 | D:1      | Reached XP level 2. HP: 15/15 MP: 5/8
   412 | D:1      | Learned a level 2 spell: Scorch
   722 | D:1      | Reached XP level 3. HP: 18/19 MP: 7/9
  1107 | D:2      | Identified the +4 ring mail of Mental Paralysis {rElec rF+
                  | rC+ Will-}
  1497 | D:2      | Reached XP level 4. HP: 24/24 MP: 4/11
  2886 | D:3      | Found a stormy altar of Qazlal.
  2886 | D:3      | Found a burning altar of Makhleb.
  2886 | D:3      | Found a glowing silver altar of Zin.
  2957 | D:3      | Found a faded altar of an unknown god.
  3002 | D:3      | Noticed a scorpion
  3704 | D:3      | Noticed a black bear
  3709 | D:3      | Reached XP level 5. HP: 22/28 MP: 9/13
  3756 | D:4      | Found a snail-covered altar of Cheibriados.
  4201 | D:4      | Found a transporter.
  4201 | D:4      | Noticed Melkor's ghost (amateur HOFi)
  4202 | D:4      | Found a transporter.
  4392 | D:5      | Entered Level 5 of the Dungeon
  4393 | D:5      | Noticed an ogre
  4417 | D:4      | Learned a level 2 spell: Call Imp
  4572 | D:4      | Found an ancient bone altar of Kikubaaqudgha.
  4694 | D:4      | Noticed Eustachio
  4699 | D:5      | Noticed a black bear
  4868 | D:4      | Reached XP level 6. HP: 33/33 MP: 12/14
  5027 | D:4      | Found a staircase to the Ecumenical Temple.
  5032 | Temple   | Entered the Ecumenical Temple
  5071 | Temple   | Became a worshipper of Sif Muna the Loreminder
  5314 | D:6      | Noticed Menkaure
  5356 | D:5      | Reached skill level 1 in Staves
  5356 | D:5      | Reached skill level 1 in Summonings
  5501 | D:5      | Noticed Grinder
  5596 | D:5      | Noticed a water moccasin
  5615 | D:5      | Noticed an orc warrior
  5623 | D:4      | Learned a level 3 spell: Mephitic Cloud
  5922 | D:3      | Reached skill level 1 in Air Magic
  5922 | D:3      | Reached skill level 1 in Poison Magic
  6031 | D:3      | Reached XP level 7. HP: 24/37 MP: 11/16
  6675 | D:4      | Reached skill level 5 in Spellcasting
  6675 | D:4      | Reached skill level 1 in Evocations
  6966 | D:5      | Reached skill level 5 in Stealth
  6966 | D:5      | Reached skill level 1 in Invocations
  7028 | D:5      | Found Joedos's Magic Scroll Boutique.
  7032 | D:5      | Bought a scroll of fear for 52 gold pieces
  7032 | D:5      | Bought a scroll of identify for 26 gold pieces
  7032 | D:5      | Bought a scroll of noise for 13 gold pieces
  7061 | D:5      | Bought a scroll of identify for 26 gold pieces
  7061 | D:5      | Bought a scroll of identify for 26 gold pieces
  7171 | D:6      | Reached XP level 8. HP: 20/42 MP: 12/17
  7182 | D:6      | Reached * piety under Sif Muna
  7686 | D:6      | Noticed Maggie
  7780 | D:5      | Noticed Edmund
  7886 | D:5      | Reached skill level 5 in Dodging
  7886 | D:5      | Reached skill level 5 in Conjurations
  8060 | D:5      | Killed Grinder
  8160 | D:5      | Reached skill level 5 in Fire Magic
  8369 | D:5      | Killed Edmund
  8934 | D:6      | Reached XP level 9. HP: 46/46 MP: 21/21
  9093 | D:6      | Killed Menkaure
  9094 | D:6      | Reached skill level 1 in Armour
  9361 | D:6      | Learned a level 3 spell: Volatile Blastmotes
  9716 | D:8      | Reached skill level 1 in Translocations
  9747 | D:7      | Found a basalt altar of Yredelemnul.
 11623 | D:9      | Reached ** piety under Sif Muna
 11658 | D:9      | Found an ornate altar of the Wu Jian Council.
 11683 | D:9      | Noticed a two-headed ogre
 11923 | D:10     | Entered Level 10 of the Dungeon
 11940 | D:10     | Slain by an orc

Illustrated notes

Levels and vault maps discovered:
D:1:      dpeg_arrival_refuge, layout_loops_ring
D:2:      layout_basic
D:3:      layout_basic, gammafunk_temple_overflow_claw,
          hellmonk_ecumenical_altar_blasted
D:4:      layout_loops_ring, marbit_many_paths,
          mainiacjoe_overflow_cross_hatched, temple_doors_ab,
          gammafunk_ghost_mausoleum, uniq_eustachio
D:5:      layout_cave_pools, serial_shops, shop, minivault_26, feat_on_display,
          uniq_grinder, uniq_edmund
D:6:      layout_loops_corners, nicolae_underground_beach, uniq_menkaure,
          uniq_maggie
D:7:      layout_gridville, nicolae_yredelemnul_corpse_copse,
          hangedman_abyss_or_decor_slice
D:8:      layout_loops_ring
D:9:      layout_roguey, nicolae_overflow_crystal_walls,
          erik_lair_orcish_takeover, orc_0_dummy, ebering_ghost_disaster_area,
          st_stairs_8, uniq_erolcha
D:10:     layout_long_grid, special_room [special_room_bee]
Temple:   bh_familiar_temple

Skill      XL: |  1  2  3  4  5  6  7  8  9 |
---------------+----------------------------+-----
Stealth        | 3 4 5 6 |  6.0
Dodging        | 3 4 5 |  5.0
Conjurations   | 2 3 4 6 8 |  8.0
Spellcasting   | 4 5 6 8 |  8.0
Fire Magic     | 4 5 6 |  6.0
Staves         | 1 2 3 |  3.0
Summonings     | 2 |  2.0
Air Magic      | 1 2 |  2.0
Poison Magic   | 1 2 |  2.0
Evocations     | 2 3 4 |  4.0
Invocations    | 1 2 |  2.0
Armour         | 2 |  2.0
Translocations | 2 |  2.0
Fighting       | |  0.7

Action                     |  1- 3 |  4- 6 |  7- 9 || total
---------------------------+-------+-------+-------++-------
  Melee: Dagger            |    13 |     9 |       ||    22
         Staff             |       |    58 |    14 ||    72
   Cast: Foxfire           |    60 |    75 |   198 ||   333
         Scorch            |     1 |    27 |    39 ||    67
         Call Imp          |       |     5 |    10 ||    15
         Volatile Blastmot |       |       |     3 ||     3
  Evoke: Wand              |       |       |     4 ||     4
    Use: Scroll            |       |     9 |     7 ||    16
   Stab: Sleeping          |     3 |     8 |     1 ||    12
         Distracted        |       |     1 |       ||     1
 Armour: Robe              |    10 |    48 |    13 ||    71
         Leather armour    |       |       |    73 ||    73
  Dodge: Dodged            |    61 |   132 |   154 ||   347
